 Dungeon Crawl Stone Soup version 0.27.1-1-g398f81649c (webtiles) character file.

Game seed: 1448067286969175294

193 karkarkar the Chopper (level 5, -10/46 HPs)
             Began as a Hill Orc Fighter on Sept 16, 2021.
             Shot with an arrow by a centaur (11 damage)
             ... on level 3 of the Dungeon.
             The game lasted 00:06:32 (2918 turns).

karkarkar the Chopper (Hill Orc Fighter)            Turns: 2918, Time: 00:06:32

Health: -10/46     AC:  9    Str: 20    XL:     5   Next: 72%
Magic:  5/5        EV:  7    Int:  8    God:
Gold:   116        SH:  9    Dex: 10    Spells: 4/4 levels left

rFire    + . .     SeeInvis .   a - +0 war axe
rCold    + . .     Faith    .   c - +0 kite shield
rNeg     . . .     Spirit   .   b - +0 scale mail
rPois    +         Reflect  .   (no helmet)
rElec    +         Harm     .   l - +0 cloak
rCorr    +         Rampage  .   (no gloves)
Will     .....                  j - +0 pair of boots
Stlth    ..........             (no amulet)
HPRegen  0.15/turn              (no ring)
MPRegen  0.09/turn              (no ring)

@: resistant
A: no striking features
a: no special abilities


You were on level 3 of the Dungeon.
You visited 1 branch of the dungeon, and saw 3 of its levels.

You collected 116 gold pieces.

Inventory:

Hand Weapons
 a - a +0 war axe (weapon)
Missiles
 h - 20 poisoned darts (quivered)
Armour
 b - a +0 scale mail (worn)
 c - a +0 kite shield (worn)
 j - a +0 pair of boots (worn)
 l - a +0 cloak (worn)
Scrolls
 e - a scroll of enchant weapon {unknown}
 f - a scroll of fog {unknown}
 i - a scroll of summoning {unknown}
 k - 2 scrolls of identify {unknown}
 o - 2 scrolls of torment {unknown}
 p - a scroll of teleportation {unknown}
 q - a scroll of magic mapping {unknown}
Potions
 d - a potion of might
 g - a potion of curing {unknown}
 m - a potion of resistance
 n - a potion of attraction {unknown}
 r - a potion of ambrosia {unknown}


   Skills:
 + Level 3.9 Fighting
 + Level 6.6 Axes
 + Level 0.4 Throwing
 - Level 3.2 Armour
 + Level 1.4 Dodging
 + Level 0.3 Stealth
 - Level 3.2 Shields


You had 4 spell levels left.
You didn't know any spells.
Your spell library contained the following spells:

 Spells                   Type           Power      Damage    Failure   Level
 Dazzling Flash           Conj/Hex       0%         N/A       100%        3
 Agony                    Necr           0%         N/A       100%        5
 Silence                  Hex/Air        0%         N/A       100%        5


Dungeon Overview and Level Annotations

Branches:
Dungeon (3/15)

Altars:
Ru

Shops:
D:3 :


Message History

The arrow completely misses you.
The hobgoblin hits you but does no damage.
The centaur shoots an arrow.
The arrow hits you.
You hit the hobgoblin but do no damage. The hobgoblin hits you.
The centaur shoots an arrow.
You block the arrow. You block the hobgoblin's attack.
The centaur shoots an arrow.
The arrow hits you.
The centaur shoots an arrow.
The arrow hits you but does no damage.
The centaur shoots an arrow.
The arrow hits you.
There is an open door here.
Okay, then.
Okay, then.
The centaur shoots an arrow.
The arrow hits you!
The centaur shoots an arrow.
You block the arrow.
Items here: ))) [[ ††.
The hobgoblin hits you but does no damage.
The hobgoblin barely misses you.
You see here a bat corpse.
The centaur shoots an arrow.
You block the arrow.
The centaur shoots an arrow.
You block the arrow.
The centaur unwields a +0 shortbow.
You block the centaur's attack. The centaur barely misses you.
The centaur completely misses you.
The centaur kicks you but does no damage.
The centaur wields a +0 shortbow.
The centaur shoots an arrow.
The arrow hits you.
The centaur shoots an arrow.
You block the arrow.
The centaur shoots an arrow.
You block the arrow.
The centaur shoots an arrow.
You block the arrow.
The centaur shoots an arrow.
The arrow hits you.
The centaur shoots an arrow.
The arrow hits you.
* * * LOW HITPOINT WARNING * * *
The centaur shoots an arrow.
The arrow hits you but does no damage.
The centaur shoots an arrow.
The arrow hits you!
* * * LOW HITPOINT WARNING * * *
The centaur shoots an arrow.
You block the arrow.
The centaur shoots an arrow.
You block the arrow.
It was a potion of resistance.
You feel protected.
The centaur shoots an arrow.
The arrow hits you!
You die...

####c#####...........####.##.#
#.......g#.......###.........#
#.##.###c###....## ######.####
#.##.# #.###.....## ##†## #.##.#
#.##.......# ##...## #.#..#
#.##.......# ##.....## ##.#.##
#.##.......# ##.......#
###....####c###.....####.........
................@......'.........
###†........####....####.........
##.#..##### #...## ##...(..<#
####.# #...# ##.....## #.# #.###
##...## #.# #.# ##'## #.# #.#
#.#### #.# #.# ####..... #.# #.#
#........


You could see a centaur.

Vanquished Creatures
  A hound (D:3)
  Terence (D:2)
  An orc wizard (D:3)
  6 adders
  2 worms
  2 dart slugs
  3 orcs (D:3)
  3 bats
  8 endoplasms
  A giant cockroach (D:1)
  A goblin (D:2)
  3 hobgoblins
  3 kobolds
  3 quokkas (D:1)
  4 ball pythons
  5 frilled lizards
  6 rats
53 creatures vanquished.

Notes
Turn   | Place    | Note
-------+----------+-------------------------------------------
     0 | D:1      | karkarkar the Hill Orc Fighter began the quest for the Orb.
     0 | D:1      | Reached XP level 1. HP: 19/19 MP: 1/1
    67 | D:1      | Reached skill level 3 in Axes
   357 | D:1      | Reached XP level 2. HP: 24/26 MP: 2/2
   559 | D:1      | Reached skill level 4 in Axes
   887 | D:1      | Found a faded altar of an unknown god.
   887 | D:1      | Noticed an Ice Fiend
  1098 | D:2      | Reached XP level 3. HP: 23/31 MP: 3/3
  1532 | D:2      | Noticed Terence
  1546 | D:2      | Reached skill level 1 in Dodging
  1576 | D:2      | Killed Terence
  1577 | D:2      | Reached skill level 5 in Axes
  1577 | D:2      | Reached XP level 4. HP: 18/39 MP: 4/4
  2323 | D:3      | Reached XP level 5. HP: 43/46 MP: 5/5
  2399 | D:3      | Found Gaofikki's Book Shop.
  2561 | D:3      | Reached skill level 6 in Axes
  2852 | D:3      | Found a sacrificial altar of Ru.
  2863 | D:3      | Noticed a centaur
  2913 | D:3      | HP: 1/46 [centaur/arrow (10)]
  2918 | D:3      | Shot with an arrow by a centaur

Illustrated notes

Levels and vault maps discovered:
D:1:      dpeg_arrival_short_road, layout_rooms,
          dreamdust_ecumenical_altar_sealed_demon
D:2:      layout_rooms, bh_walls_and_bars, uniq_terence
D:3:      layout_loops_corners, mainiacjoe_overflow_catwalk, serial_shops,
          nicolae_shop_crystal, grunt_ministairs_11

Skill      XL: |  1  2  3  4  5 |
---------------+----------------+-----
Axes           | 3 4 5 6 |  6.6
Dodging        | 1 |  1.4
Fighting       | |  3.9
Throwing       | |  0.4
Armour         | |  3.2
Stealth        | |  0.3
Shields        | |  3.2

Action                   |  1- 3 |  4- 6 || total
-------------------------+-------+-------++-------
Melee: War axe           |   123 |    88 ||   211
Throw: Dart              |     6 |     1 ||     7
  Use: Potion            |       |     1 ||     1
Armor: Scale mail        |    49 |    53 ||   102
Dodge: Dodged            |    46 |    30 ||    76
Block: Kite shield       |    62 |    47 ||   109
